 Dungeon Crawl Stone Soup version 0.28-a0-1616-g050a50673c (webtiles) character file.

Game seed: 10281149626695767538

315 a3don the Stinger (level 6, -1/35 HPs)
             Began as a Kobold Arcane Marksman on Jan 22, 2022.
             Slain by a bullfrog zombie (4 damage)
             ... on level 5 of the Dungeon.
             The game lasted 00:12:13 (5957 turns).

a3don the Stinger (Kobold Arcane Marksman)          Turns: 5957, Time: 00:12:15

Health: -1/35      AC:  2    Str:  7      XL:     6   Next: 72%
Magic:  8/8        EV: 15    Int: 16      God:
Gold:   195        SH:  0    Dex: 15 (16) Spells: 4/8 levels left

rFire   . . .      SeeInvis .   a - +0 hunting sling
rCold   . . .      Faith    .   (no shield)
rNeg    . . .      Spirit   .   d - +0 robe
rPois   .          Reflect  .   (no helmet)
rElec   .          Harm     .   (no cloak)
rCorr   .          Rampage  .   (no gloves)
Will    +....                   (no boots)
Stlth   ++........              (no amulet)
HPRegen 0.11/turn               m - ring of flight
MPRegen 0.11/turn               u - ring of willpower

@: flying
A: small, no large weapons, nightstalker 3
a: no special abilities


You were on level 5 of the Dungeon.
You visited 1 branch of the dungeon, and saw 5 of its levels.

You collected 195 gold pieces.

Inventory:

Hand Weapons
 a - a +0 hunting sling (weapon)
 b - a +0 short sword
 g - a +0 dagger
Missiles
 c - 30 sling bullets (quivered ammo)
 f - 95 stones
 q - 6 poisoned darts
 v - 6 boomerangs
Armour
 d - a +0 robe (worn)
 o - the +1 ring mail of the Trees {Regen+ Str+3 Dex-3}
   (You found it on level 3 of the Dungeon)

   Str:       It affects your strength (+3).
   Dex:       It affects your dexterity (-3).
   Regen:     It increases your rate of health regeneration.
 x - a +0 kite shield
Jewellery
 m - a ring of flight (left hand)
 u - a ring of willpower (right hand)
Wands
 p - a wand of acid (8)
 w - a wand of paralysis (8)
Scrolls
 e - 3 scrolls of teleportation {unknown}
 h - 5 scrolls of identify {unknown}
 i - a scroll of amnesia {unknown}
 j - a scroll of summoning {unknown}
 k - a scroll of fog {unknown}
 n - a scroll of enchant armour {unknown}
 r - a scroll of blinking {unknown}
 s - a scroll of noise {unknown}
 y - a scroll of brand weapon {unknown}
Potions
 l - a potion of heal wounds {unknown}
 t - a potion of curing {unknown}


   Skills:
 - Level 2.0 Fighting
 - Level 2.3 Slings
 - Level 3.1 Dodging
 - Level 1.5 Spellcasting
 - Level 3.2 Hexes
 * Level 3.5 Transmutations
 + Level 0.2 Air Magic
 * Level 3.5 Poison Magic


You had 4 spell levels left.
You knew the following spells:

 Your Spells              Type           Power      Damage    Failure   Level
a - Slow                  Hex            44%        N/A       6%          1
b - Sting                 Tmut/Pois      48%        1d5       5%          1
c - Poisonous Vapours     Pois/Air       14%        N/A       16%         2

Your spell library contained the following spells:

 Spells                   Type           Power      Damage    Failure   Level
 Wereblood                Tmut           12%        N/A       8%          2
 Sublimation of Blood     Necr           1%         N/A       32%         2
 Inner Flame              Hex/Fire       6%         N/A       32%         3
 Portal Projectile        Hex/Tloc       12%        N/A       32%         3
 Olgreb's Toxic Radiance  Pois           12%        N/A       45%         4
 Cause Fear               Hex            5%         N/A       50%         4
 Summon Hydra             Summ           0%         N/A       100%        7


Dungeon Overview and Level Annotations

Branches:
Dungeon (5/15)
 Temple: D:4-7

Altars:
Kikubaaqudgha
Trog
Vehumet

Shops:
D:4 :

Annotations:
D:4 Eustachio


Innate Abilities, Weirdness & Mutations

You are small and have problems with some larger weapons.
You are completely attuned to the shadows.


Message History

The bullfrog zombie hits you.
You are too injured to fight recklessly!
a - a +0 hunting sling (weapon)
The bullfrog zombie misses you.
You are too injured to fight recklessly!
Fire: 35 sling bullets
Press: ? - help, Q - select action, (/) - cycle Shift-Dir - straight line, f - bullfrog zombie
Aim: a bullfrog zombie (severely damaged, 71% to hit)
You shoot a sling bullet.
The sling bullet closely misses the bullfrog zombie.
The bullfrog zombie misses you.
Fire: 34 sling bullets
Press: ? - help, Q - select action, (/) - cycle Shift-Dir - straight line, f/p - bullfrog zombie
Aim: a bullfrog zombie (severely damaged, 71% to hit)
You shoot a sling bullet.
The sling bullet hits the bullfrog zombie.
The bullfrog zombie is almost destroyed.
The bullfrog zombie hits you. x2
* * * LOW HITPOINT WARNING * * *
Fire: 33 sling bullets
Press: ? - help, Q - select action, (/) - cycle Shift-Dir - straight line, f/p - bullfrog zombie
Aim: a bullfrog zombie (almost destroyed, 71% to hit)
You shoot a sling bullet.
The sling bullet barely misses the bullfrog zombie.
The bullfrog zombie closely misses you.
Fire: 32 sling bullets
Press: ? - help, Q - select action, (/) - cycle Shift-Dir - straight line, f/p - bullfrog zombie
Aim: a bullfrog zombie (almost destroyed, 71% to hit)
You shoot a sling bullet.
The sling bullet hits the bullfrog zombie.
The bullfrog zombie is almost destroyed.
The bullfrog zombie hits you.
* * * LOW HITPOINT WARNING * * *
Fire: 31 sling bullets
Press: ? - help, Q - select action, (/) - cycle Shift-Dir - straight line, f/p - bullfrog zombie
Aim: a bullfrog zombie (almost destroyed, 71% to hit)
You shoot a sling bullet.
The sling bullet barely misses the bullfrog zombie.
The bullfrog zombie hits you.
You die...

.... #..### #.....
########...#
...........##
.#######....#######+#
....<..#.##.....@Z..(
..##.#.#.............
..#..#รท#####.........
..##.#.# #.........
.....#.# ########..
##.###.#######
........)..#
####.......# #.......#


You could see a bullfrog zombie.

Vanquished Creatures
  A black bear (D:4)
  A scorpion (D:4)
  A water moccasin skeleton (D:4)
  An iguana (D:5)
  2 adders
  A dart slug (D:1)
  9 bats
  9 endoplasms
  3 giant cockroaches
  8 goblins
  4 hobgoblins
  4 jackals (D:4)
  2 kobolds
  3 quokkas
  7 ball pythons
  4 frilled lizards
  6 rats
66 creatures vanquished.

Notes
Turn   | Place    | Note
-------+----------+-------------------------------------------
     0 | D:1      | a3don the Kobold Arcane Marksman began the quest for the
                  | Orb.
     0 | D:1      | Reached XP level 1. HP: 12/12 MP: 2/2
   115 | D:1      | Reached XP level 2. HP: 16/16 MP: 3/3
   700 | D:1      | Reached XP level 3. HP: 7/20 MP: 5/5
  1106 | D:1      | Learned a level 1 spell: Sting
  2180 | D:2      | Reached XP level 4. HP: 26/26 MP: 1/6
  2467 | D:2      | Reached skill level 1 in Transmutations
  2487 | D:2      | Reached skill level 1 in Poison Magic
  2872 | D:3      | Found a bloodstained altar of Trog.
  2906 | D:3      | Found an ancient bone altar of Kikubaaqudgha.
  2942 | D:3      | Identified the +1 ring mail of the Trees {Regen+ Str+3
                  | Dex-3}
  3240 | D:3      | Found a faded altar of an unknown god.
  3957 | D:4      | Noticed a scorpion
  3965 | D:4      | Killed a scorpion
  3966 | D:4      | Reached XP level 5. HP: 28/30 MP: 0/7
  4148 | D:4      | Found Vagaow's Book Shop.
  4228 | D:4      | Noticed a black bear
  4257 | D:4      | Killed a black bear
  4258 | D:4      | Reached XP level 6. HP: 5/35 MP: 0/8
  5103 | D:4      | Found a radiant altar of Vehumet.
  5231 | D:4      | Noticed Eustachio
  5634 | D:5      | Entered Level 5 of the Dungeon
  5913 | D:5      | Learned a level 2 spell: Poisonous Vapours
  5957 | D:5      | Slain by a bullfrog zombie

Illustrated notes

Levels and vault maps discovered:
D:1:      evilmike_arrival_hilbert_curve, layout_basic, serial_rivers,
          chequers_serial_rivers_micro_e, chequers_serial_rivers_micro_e,
          chequers_serial_rivers_small_a, chequers_serial_rivers_small_b
D:2:      layout_basic, st_stairs_3, amcnicky_mini_corridor_feature
D:3:      layout_loops_cross, overflow_temple_1_default,
          mainiacjoe_overflow_24_doors, shapermc_ecumenical_altar_venn
D:4:      layout_loops_corners, lemuel_doored_altar,
          cheibrodos_sewer_entry_sluice, serial_shops, shop, uniq_eustachio
D:5:      layout_basic, uniq_crazy_yiuf_cottage

Skill      XL: |  1  2  3  4  5 |
---------------+----------------+-----
Dodging        | 3 |  3.1
Transmutations | 2 3 |  3.5
Poison Magic   | 2 3 |  3.5
Fighting       | 2 |  2.0
Slings         | |  2.3
Spellcasting   | |  1.5
Hexes          | |  3.2
Air Magic      | |  0.2

Action                   |  1- 3 |  4- 6 || total
-------------------------+-------+-------++-------
Melee: Dagger            |    18 |       ||    18
       Short sword       |    35 |    86 ||   121
       Punch             |     2 |     1 ||     3
 Fire: Hunting sling     |    34 |    33 ||    67
 Cast: Sting             |    14 |    44 ||    58
       Slow              |     3 |     5 ||     8
 Stab: Sleeping          |     5 |     2 ||     7
Armor: Robe              |     9 |    24 ||    33
Dodge: Dodged            |    57 |   115 ||   172

Table legend: (Time is in decaauts)
 A = Elapsed time spent in this place.
 B = Non-inter-level travel time spent in this place.
 C = Inter-level travel time spent in this place.
 D = Time resting spent in this place.
 E = Time spent auto-exploring this place.
 F = Levels seen in this place.
 G = Mean time per level.
                   A        B        C        D        E       F      G
               +--------+--------+--------+--------+--------+-----+--------+
         Total |   5970 |   5859 |    111 |   2156 |   2854 |   5 | 1194.0 |
       Dungeon |   5970 |   5859 |    111 |   2156 |   2854 |   5 | 1194.0 |
               +--------+--------+--------+--------+--------+-----+--------+

Top non-repeatable levels by time:
     D:1: 1573 daAuts
     D:3: 1461 daAuts
     D:4: 1389 daAuts
     D:2: 1222 daAuts
     D:5: 323 daAuts
